 Dungeon Crawl Stone Soup version 0.29.0-4-gdea44cf6ec (webtiles) character file.

Game seed: 7220500314660069861

8665 qw the Severer (level 11, -1/95 HPs)
             Began as a Minotaur Fighter on Sept 8, 2022.
             Was a Follower of Ru.
             Succumbed to Sonja's poison
             ... on level 10 of the Dungeon.
             The game lasted 00:02:57 (6363 turns).

qw the Severer (Minotaur Fighter)                   Turns: 6363, Time: 00:02:58

Health: -1/95      AC: 23    Str: 25    XL:     11   Next: 12%
Magic:  10/10      EV:  8    Int:  5    God:    Ru [*.....]
Gold:   643        SH: 12    Dex: 10    Spells: 10/10 levels left

rFire   + . .      SeeInvis .   Y - +4 war axe (protect)
rCold   + . .      Faith    .   l - +2 kite shield
rNeg    + . .      Spirit   .   m - +4 chain mail {rN+}
rPois   .          Reflect  .   (helmet unavailable)
rElec   .          Harm     .   a - scarf {rC+ rF+}
rCorr   .          Rampage  .   (no gloves)
Will    .....                   (no boots)
Stlth   ..........              f - amulet of regeneration
HPRegen 1.05/turn               (no ring)
MPRegen 0.12/turn               (no ring)

@: lethally poisoned (-1 -> -56), under a protective aura, slowed, very slow
A: horns 3, hated by all, retaliatory headbutt, iridescent scales 1
a: Renounce Religion, Sacrifice an Eye, Sacrifice Nimbleness, Sacrifice Purity,
Reject Sacrifices


You were on level 10 of the Dungeon.
You worshipped Ru.
Ru was aware of your devotion.
You visited 2 branches of the dungeon, and saw 11 of its levels.

You collected 643 gold pieces.


Innate Abilities, Weirdness & Mutations

You have a pair of large horns on your head.
You are hated by all.
You reflexively headbutt those who attack you in melee.
You are partially covered in iridescent scales. (AC +2)


   Skills:
 + Level 8.3 Fighting
 - Level 15.2 Axes
 - Level 2.1 Throwing
 - Level 6.0 Armour
 - Level 4.0 Dodging
 - Level 10.1 Shields


You had 10 spell levels left.
You didn't know any spells.
Your spell library was empty.

Inventory:

Hand Weapons
 b - a +0 morningstar
 Y - a +4 war axe of protection (weapon)
Missiles
 e - a boomerang (quivered)
Armour
 a - a scarf of resistance (worn)
 j - a +1 chain mail of fire resistance
 l - a +2 kite shield (worn)
 m - a +4 chain mail of positive energy (worn)
Jewellery
 f - an amulet of regeneration (around neck)
Scrolls
 g - a scroll of identify
Potions
 h - 6 potions of curing
 i - a potion of cancellation
 o - a potion of haste
 p - 2 potions of ambrosia {unknown}
 r - a potion of mutation

Dungeon Overview and Level Annotations

Branches:
Dungeon (10/15)            Temple (1/1) D:6
   Lair: D:8-11         Orc: D:9-12

Altars:
Ashenzari
Cheibriados
Dithmenos
Elyvilon
Kikubaaqudgha
Makhleb
Okawaru
Qazlal
Ru
Sif Muna
Trog
Uskayaw
Vehumet
Xom
Zin
The Shining One

Annotations:
D:10 Fannar, Sonja


Message History

Sonja hits you but does no damage.
You are more poisoned.
You block Sonja's attack. Fannar barely misses you. You furiously retaliate!
You headbutt Fannar! You block Sonja's attack.
Sonja hits you with a +0 dagger of venom.
You are more poisoned.
Sonja hits you with a +0 dagger of venom.
You are lethally poisoned!
The ice beast hits you but does no damage.
Fannar hits you but does no damage. Fannar freezes you.
You hit Sonja but do no damage.
Sonja is severely wounded.
You barely miss the ice beast. You slash Fannar!
You feel extremely sick. Sonja hits you but does no damage.
You are more poisoned.
Sonja hits you but does no damage.
You are more poisoned.
Sonja hits you but does no damage. The ice beast barely misses you.
You block Fannar's attack.
Sonja gestures wildly while chanting.
Sonja blinks!
6362 ||| DRINKING potion of heal wounds.
You feel much better.
You feel extremely sick. The ice beast barely misses you.
You block Sonja's attack. Sonja hits you but does no damage.
You are lethally poisoned!
Sonja hits you but does no damage.
You are more poisoned.
Fannar hits you with a staff of cold. Fannar freezes you.
Sonja closely misses you. You block Sonja's attack.
Sonja hits you but does no damage.
You are more poisoned.
You block the ice beast's attack. Fannar hits you with a staff of cold.
Fannar freezes you!
You completely miss Sonja. Your headbutt misses Sonja.
Sonja is heavily wounded.
You hit the ice beast. You slash Fannar!
You die...

...... ##.### .. ..# ...
##.# #.. #.#..##...
...####.... #.#.......
###......... ##........
............. ..#....#
....#..##....##.#)...##.
....#..##.....>)KY......
....#..# #...)@e......
....#..# #.##.).......
....#.#########.#.......
.............)).###...##
#####....!.%.).%# ...#
####...........# ..#
#.<..########### ##
##.####.# ##.####)#.#


You could see Fannar, Sonja and an ice beast (summoned).

Vanquished Creatures
  A boulder beetle (D:10)
  2 two-headed ogres (D:9)
  Maurice (D:10)
  A hornet (D:8)
  Grinder (D:3)
  2 wyverns
  6 yaks (D:10)
  A wraith (D:9)
  Eustachio (D:4)
  A human (D:10)
  A warg (D:10)
  A water moccasin (D:6)
  Duvessa (D:7)
  2 black bears
  4 orc warriors
  2 ice beasts
  3 sky beasts
  4 ogres (D:5)
  3 centaurs
  2 phantoms
  Blork the orc (D:4)
  2 kobold brigands (D:9)
  2 bullfrogs
  2 necrophages (D:6)
  2 scorpions
  Dowan (D:7)
  8 wights
  6 killer bees (D:9)
  3 howler monkeys
  3 quasits (D:8)
  2 jellies
  5 hounds
  6 orc priests
  Jessica (D:3)
  Natasha (twice) (D:4)
  2 iguanas
  9 orc wizards
  Ijyb (D:3)
  Robin (D:2)
  9 adders
  4 shadow imps (D:8)
  7 white imps
  An ufetubus (D:8)
  A worm (D:2)
  3 dart slugs
  20 orcs
  6 endoplasms
  A giant cockroach (D:3)
  13 goblins
  3 hobgoblins (D:2)
  6 jackals
  3 quokkas
  3 ball pythons
  A bat (D:2)
  2 frilled lizards
  14 kobolds
  3 rats (D:1)
199 creatures vanquished.

Vanquished Creatures (others)
  3 demonic plants (D:8)
3 creatures vanquished.

Grand Total: 202 creatures vanquished

Notes
Turn   | Place    | Note
-------+----------+-------------------------------------------
     0 | D:1      | qw the Minotaur Fighter began the quest for the Orb.
     0 | D:1      | Reached XP level 1. HP: 19/19 MP: 0/0
     0 | D:1      | 0 ||| qw: Version: 0.1-a-112-g44dc6cd
     0 | D:1      | 0 ||| qw: Game counter: 6833
     0 | D:1      | 0 ||| qw: Always use a shield: true
     0 | D:1      | 0 ||| qw: God list: Ru
     0 | D:1      | 0 ||| qw: Allow faded altars: false
     0 | D:1      | 0 ||| qw: Do Orc after D:15 true
     0 | D:1      | 0 ||| qw: Do second Lair branch before Depths: true
     0 | D:1      | 0 ||| qw: Lair rune preference: random
     0 | D:1      | 0 ||| qw: Plans: Normal
     0 | D:1      | 0 ||| PLANNING D:1-11
    97 | D:1      | 97 ||| Stepping ~*~*~tactically~*~*~ (stealth).
   109 | D:1      | 109 ||| Stepping ~*~*~tactically~*~*~ (stealth).
   110 | D:1      | 110 ||| Stepping ~*~*~tactically~*~*~ (stealth).
   115 | D:1      | 115 ||| Stepping ~*~*~tactically~*~*~ (stealth).
   117 | D:1      | 117 ||| Stepping ~*~*~tactically~*~*~ (stealth).
   120 | D:1      | Reached skill level 3 in Axes
   203 | D:1      | Found a faded altar of an unknown god.
   295 | D:1      | 295 ||| Stepping ~*~*~tactically~*~*~ (hiding).
   297 | D:1      | 297 ||| Stepping ~*~*~tactically~*~*~ (hiding).
   307 | D:1      | Reached XP level 2. HP: 26/26 MP: 1/1
   357 | D:1      | 357 ||| Stepping ~*~*~tactically~*~*~ (stealth).
   659 | D:1      | 659 ||| UPGRADING to amulet of regeneration.
   664 | D:1      | 664 ||| READING scroll labelled QIFOAN HECEG.
   665 | D:1      | 665 ||| READING scroll labelled SEISCH VUVI.
   666 | D:1      | 666 ||| READING scroll labelled UMER DEASOL.
   667 | D:1      | 667 ||| READING scroll labelled XUEGRE VEVISK.
   846 | D:2      | Reached skill level 4 in Axes
   993 | D:2      | 993 ||| Stepping ~*~*~tactically~*~*~ (stealth).
  1000 | D:2      | Reached XP level 3. HP: 31/31 MP: 2/2
  1010 | D:2      | You fall into a shaft and drop 2 floors!
  1029 | D:4      | Reached skill level 5 in Axes
  1029 | D:4      | Reached XP level 4. HP: 39/39 MP: 3/3
  1127 | D:4      | Noticed Eustachio
  1143 | D:4      | HP: 7/39 [Eustachio/+0 vorpal falchion (8)]
  1149 | D:4      | Noticed a scorpion
  1156 | D:4      | Killed Eustachio
  1156 | D:4      | HP: 8/39 [scorpion (4)]
  1157 | D:4      | Reached XP level 5. HP: 10/45 MP: 4/4
  1158 | D:4      | Reached skill level 6 in Axes
  1161 | D:4      | HP: 4/45 [poisoned by a scorpion]
  1166 | D:4      | HP: 3/45 [poisoned by a scorpion]
  1232 | D:4      | Found a hide-covered altar of Uskayaw.
  1236 | D:4      | Noticed Blork the orc
  1237 | D:4      | 1237 ||| Stepping ~*~*~tactically~*~*~ (stealth).
  1238 | D:4      | 1238 ||| Stepping ~*~*~tactically~*~*~ (stealth).
  1239 | D:4      | 1239 ||| Stepping ~*~*~tactically~*~*~ (hiding).
  1245 | D:4      | Killed Blork the orc
  1246 | D:4      | Reached XP level 6. HP: 24/51 MP: 5/5
  1341 | D:4      | 1341 ||| UPGRADING to scarf of resistance.
  1346 | D:4      | 1346 ||| READING scroll labelled XODWEC PASCHOTZ.
  1347 | D:4      | 1347 ||| READING scroll labelled ODDOIKH ULIOPS.
  1348 | D:4      | 1348 ||| DRINKING 2 fuming yellow potions.
  1349 | D:4      | 1349 ||| DRINKING 3 smoky white potions.
  1350 | D:4      | 1350 ||| DRINKING 3 puce potions.
  1351 | D:4      | 1351 ||| READING 4 scrolls of identify.
  1351 | D:4      | 1351 ||| IDENTIFYING bubbling coppery potion
  1352 | D:4      | 1352 ||| READING 3 scrolls of identify.
  1352 | D:4      | 1352 ||| IDENTIFYING metallic purple potion
  1353 | D:4      | 1353 ||| READING 2 scrolls of identify.
  1353 | D:4      | 1353 ||| IDENTIFYING amethyst potion
  1354 | D:4      | 1354 ||| DROPPING potion of degeneration.
  1355 | D:4      | 1355 ||| DROPPING potion of flight.
  1555 | D:2      | 1555 ||| Stepping ~*~*~tactically~*~*~ (hiding).
  1558 | D:2      | 1558 ||| Stepping ~*~*~tactically~*~*~ (hiding).
  1559 | D:2      | 1559 ||| Stepping ~*~*~tactically~*~*~ (hiding).
  1560 | D:2      | 1560 ||| Stepping ~*~*~tactically~*~*~ (hiding).
  1566 | D:2      | 1566 ||| Stepping ~*~*~tactically~*~*~ (stealth).
  1567 | D:2      | 1567 ||| Stepping ~*~*~tactically~*~*~ (stealth).
  1581 | D:2      | 1581 ||| Stepping ~*~*~tactically~*~*~ (stealth).
  1591 | D:2      | Noticed Robin
  1601 | D:2      | Killed Robin
  1605 | D:2      | Found a burning altar of Makhleb.
  1607 | D:2      | 1607 ||| DROPPING +0 club.
  1630 | D:2      | 1630 ||| Stepping ~*~*~tactically~*~*~ (hiding).
  1790 | D:2      | 1790 ||| UPGRADING to +1 chain mail of fire resistance.
  1800 | D:2      | 1800 ||| DROPPING +0 scale mail.
  1842 | D:3      | Reached skill level 7 in Axes
  1882 | D:3      | Noticed Jessica
  1883 | D:3      | 1883 ||| Stepping ~*~*~tactically~*~*~ (hiding).
  1889 | D:3      | Killed Jessica
  1992 | D:3      | Noticed Ijyb
  1993 | D:3      | 1993 ||| Stepping ~*~*~tactically~*~*~ (hiding).
  1994 | D:3      | 1994 ||| Stepping ~*~*~tactically~*~*~ (hiding).
  2003 | D:3      | Killed Ijyb
  2325 | D:3      | 2325 ||| READING scroll of enchant weapon.
  2325 | D:3      | 2325 ||| ENCHANTING +1 war axe of protection.
  2476 | D:3      | Noticed Grinder
  2477 | D:3      | 2477 ||| Stepping ~*~*~tactically~*~*~ (hiding).
  2478 | D:3      | 2478 ||| Stepping ~*~*~tactically~*~*~ (hiding).
  2482 | D:3      | Paralysed by Grinder for 2 turns
  2488 | D:3      | Paralysed by Grinder for 3 turns
  2491 | D:3      | Killed Grinder
  2492 | D:3      | Reached skill level 8 in Axes
  2492 | D:3      | Reached XP level 7. HP: 45/59 MP: 6/6
  2545 | D:3      | 2545 ||| READING 2 scrolls labelled ROAPSI PECEPP.
  2546 | D:3      | 2546 ||| READING scroll labelled NITEUB ZE BUP.
  2547 | D:3      | 2547 ||| DRINKING 2 smoky yellow potions.
  2548 | D:3      | 2548 ||| DROPPING scroll of poison.
  2549 | D:3      | 2549 ||| DROPPING potion of invisibility.
  2550 | D:3      | 2550 ||| Stepping randomly (stuck).
  2551 | D:3      | 2551 ||| Stepping ~*~*~tactically~*~*~ (cloud).
  2609 | D:4      | 2609 ||| Stepping ~*~*~tactically~*~*~ (stealth).
  2763 | D:4      | Noticed Natasha
  2764 | D:4      | 2764 ||| Stepping ~*~*~tactically~*~*~ (hiding).
  2772 | D:4      | Killed Natasha
  3028 | D:4      | Noticed Natasha
  3029 | D:4      | 3029 ||| Stepping ~*~*~tactically~*~*~ (stealth).
  3030 | D:4      | 3030 ||| Stepping ~*~*~tactically~*~*~ (stealth).
  3046 | D:4      | Killed Natasha
  3063 | D:4      | Found a glowing silver altar of Zin.
  3063 | D:4      | Noticed an angel
  3145 | D:4      | 3145 ||| DROPPING scarf of invisibility.
  3191 | D:5      | Entered Level 5 of the Dungeon
  3191 | D:5      | Found a burning altar of Makhleb.
  3222 | D:5      | Reached skill level 9 in Axes
  3241 | D:5      | 3241 ||| Stepping ~*~*~tactically~*~*~ (stealth).
  3242 | D:5      | 3242 ||| Stepping ~*~*~tactically~*~*~ (stealth).
  3242 | D:5      | Found a bloodstained altar of Trog.
  3254 | D:5      | 3254 ||| Stepping ~*~*~tactically~*~*~ (stealth).
  3265 | D:5      | Reached XP level 8. HP: 46/68 MP: 7/7
  3272 | D:5      | Reached skill level 10 in Axes
  3311 | D:5      | 3311 ||| READING scroll of enchant weapon.
  3311 | D:5      | 3311 ||| ENCHANTING +2 war axe of protection.
  3340 | D:5      | 3340 ||| Stepping ~*~*~tactically~*~*~ (stealth).
  3349 | D:5      | Reached skill level 6 in Fighting
  3406 | D:5      | 3406 ||| Stepping ~*~*~tactically~*~*~ (stealth).
  3458 | D:5      | Reached skill level 11 in Axes
  3460 | D:5      | 3460 ||| FLEEEEING.
  3461 | D:5      | 3461 ||| FLEEEEING.
  3510 | D:5      | 3510 ||| DROPPING +0 mace.
  3536 | D:5      | Found a white marble altar of Elyvilon.
  3758 | D:6      | Found a staircase to the Ecumenical Temple.
  3759 | D:6      | 3759 ||| PLANNING TEMPLE
  3781 | Temple   | Entered the Ecumenical Temple
  3788 | Temple   | Became a worshipper of Ru the Awakened
  3794 | Temple   | 3794 ||| PLANNING D:1-11
  3828 | D:6      | Identified the +1 robe of Sunlight {Int+4 Slay+2}
  3880 | D:6      | Reached skill level 12 in Axes
  3880 | D:6      | Reached XP level 9. HP: 75/75 MP: 8/8
  3885 | D:6      | 3885 ||| READING scroll of enchant weapon.
  3885 | D:6      | 3885 ||| ENCHANTING +3 war axe of protection.
  3915 | D:6      | 3915 ||| DRINKING 4 potions of curing.
  3915 | D:6      | 3915 ||| (to cure confusion)
  3952 | D:6      | 3952 ||| DROPPING +0 flail.
  3979 | D:6      | Found a glowing golden altar of the Shining One.
  4043 | D:6      | 4043 ||| DROPPING +2 flail of holy wrath.
  4232 | D:6      | 4232 ||| DROPPING +0 chain mail of willpower.
  4233 | D:6      | 4233 ||| UPGRADING to +0 plate armour.
  4243 | D:6      | 4243 ||| READING scroll labelled OTIUKEFUUK.
  4244 | D:6      | 4244 ||| READING scroll labelled NADEON ANANGI.
  4245 | D:6      | 4245 ||| READING 2 scrolls of identify.
  4245 | D:6      | 4245 ||| IDENTIFYING bubbling green potion
  4246 | D:6      | 4246 ||| DROPPING potion of attraction.
  4408 | D:7      | 4408 ||| Stepping ~*~*~tactically~*~*~ (hiding).
  4533 | D:7      | Reached skill level 13 in Axes
  4622 | D:7      | Reached skill level 6 in Armour
  4694 | D:7      | 4694 ||| INVOKING Sacrifice Love.
  4694 | D:7      | Gained mutation: You are hated by all. [Ru sacrifice]
  4694 | D:7      | Reached * piety under Ru
  4813 | D:7      | Noticed Duvessa
  4813 | D:7      | Noticed Dowan
  4814 | D:7      | 4814 ||| Stepping ~*~*~tactically~*~*~ (hiding).
  4818 | D:7      | Killed Dowan
  4828 | D:7      | Killed Duvessa
  4964 | D:7      | 4964 ||| UPGRADING to +4 chain mail of positive energy.
  4974 | D:7      | 4974 ||| DROPPING +0 plate armour.
  4975 | D:7      | 4975 ||| READING scroll labelled KIUGRAC CEO.
  5159 | D:8      | Reached XP level 10. HP: 44/88 MP: 9/9
  5295 | D:8      | Found a shimmering blue altar of Sif Muna.
  5316 | D:8      | 5316 ||| Stepping ~*~*~tactically~*~*~ (hiding).
  5376 | D:8      | 5376 ||| Stepping ~*~*~tactically~*~*~ (stealth).
  5412 | D:8      | Found a shimmering altar of Xom.
  5540 | D:8      | 5540 ||| UPGRADING to +2 kite shield.
  5550 | D:8      | 5550 ||| DROPPING +0 buckler.
  5583 | D:9      | 5583 ||| Stepping ~*~*~tactically~*~*~ (stealth).
  5586 | D:9      | 5586 ||| Stepping ~*~*~tactically~*~*~ (stealth).
  5663 | D:9      | 5663 ||| Stepping ~*~*~tactically~*~*~ (stealth).
  5701 | D:9      | Reached skill level 6 in Shields
  5712 | D:9      | 5712 ||| DRINKING 7 potions of curing.
  5712 | D:9      | 5712 ||| (to cure confusion)
  5773 | D:9      | Noticed a two-headed ogre
  5774 | D:9      | 5774 ||| Stepping ~*~*~tactically~*~*~ (stealth).
  5788 | D:9      | Killed a two-headed ogre
  5859 | D:9      | Noticed a two-headed ogre
  5865 | D:9      | Killed a two-headed ogre
  5866 | D:9      | Reached skill level 9 in Shields
  6001 | D:9      | Found a broken altar of Ashenzari.
  6100 | D:9      | 6100 ||| READING scroll labelled BYTZIR MEIX.
  6104 | D:9      | 6104 ||| READING scroll labelled QISHACAMUT.
  6105 | D:9      | 6105 ||| DRINKING 2 bubbling clear potions.
  6105 | D:9      | Gained mutation: You have a pair of large horns on your
                  | head. [potion of mutation]
  6105 | D:9      | Gained mutation: You are partially covered in iridescent
                  | scales. (AC +2) [potion of mutation]
  6106 | D:9      | 6106 ||| READING 2 scrolls of identify.
  6106 | D:9      | 6106 ||| IDENTIFYING golden potion
  6107 | D:9      | 6107 ||| DROPPING potion of brilliance.
  6118 | D:10     | Entered Level 10 of the Dungeon
  6118 | D:10     | Noticed a boulder beetle
  6137 | D:10     | HP: 14/88 [boulder beetle (21)]
  6138 | D:10     | 6138 ||| DRINKING 3 potions of heal wounds.
  6143 | D:10     | Killed a boulder beetle
  6144 | D:10     | Reached skill level 14 in Axes
  6144 | D:10     | 6144 ||| STAIRDANCE
  6279 | D:10     | 6279 ||| Stepping ~*~*~tactically~*~*~ (stealth).
  6286 | D:10     | 6286 ||| Stepping ~*~*~tactically~*~*~ (stealth).
  6293 | D:10     | 6293 ||| Stepping ~*~*~tactically~*~*~ (hiding).
  6308 | D:10     | Reached XP level 11. HP: 94/94 MP: 10/10
  6312 | D:10     | 6312 ||| Stepping ~*~*~tactically~*~*~ (stealth).
  6315 | D:10     | 6315 ||| Stepping ~*~*~tactically~*~*~ (stealth).
  6327 | D:10     | 6327 ||| Stepping ~*~*~tactically~*~*~ (stealth).
  6331 | D:10     | Noticed Maurice
  6343 | D:10     | Noticed Fannar
  6344 | D:10     | Killed Maurice
  6345 | D:10     | Reached skill level 15 in Axes
  6352 | D:10     | Noticed Sonja
  6359 | D:10     | HP: 22/95 [poisoned by Sonja]
  6360 | D:10     | 6360 ||| DRINKING 2 potions of heal wounds.
  6362 | D:10     | 6362 ||| DRINKING potion of heal wounds.
  6363 | D:10     | Succumbed to Sonja's poison

Levels and vault maps discovered:
D:1:      ebering_trefoil_twist, layout_loops_ring, basic_ecumenical_altar
D:2:      layout_basic, basic_altar, kennysheep_donut, chequers_jeans,
          mrwooster_statue_mirror, grunt_decor_cap, uniq_robin
D:3:      layout_rooms, minmay_misc_feat_secret_circle,
          chequers_serial_rivers_small_3, uniq_grinder, uniq_jessica, uniq_ijyb
D:4:      layout_loops_cross, nicolae_overflow_crystal_walls, zin_angel,
          uniq_natasha, uniq_eustachio, uniq_blork_the_orc
D:5:      layout_rooms, mainiacjoe_overflow_catwalk,
          mainiacjoe_overflow_small_starburst, mainiacjoe_overflow_alcove_4
D:6:      layout_rooms, mainiacjoe_overflow_boulevard, minmay_temple_entry_glass
D:7:      layout_loops_cross, uniq_duvessa
D:8:      layout_rooms, xom_teletrap_fun, nicolae_sif_muna_little_library,
          serial_demonic, serial_demonic_f, serial_demonic_a, serial_demonic_b,
          serial_demonic_a, nicolae_concentric_dashed_squares_wild
D:9:      layout_cave_pools, mainiacjoe_overflow_24_doors
D:10:     layout_loops_cross, yredelemnul_altar_generic, old_standard_altar,
          erik_orc_4, nzn_sisyphean_effort, uniq_sonja, uniq_maurice,
          uniq_fannar
Temple:   nicolae_temple_ecumenical_triangle

Skill      XL: |  1  2  3  4  5  6  7  8  9 10 11 |
---------------+----------------------------------+-----
Axes           | 3 4 5 6 8 9 12 13 14 15 | 15.2
Dodging        | 4 |  4.0
Fighting       | 4 5 6 8 |  8.3
Shields        | 4 5 10 | 10.1
Throwing       | 2 |  2.1
Armour         | 6 |  6.0

Action                   |  1- 3 |  4- 6 |  7- 9 | 10-12 || total
-------------------------+-------+-------+-------+-------++-------
Melee: War axe           |    40 |    68 |   236 |   147 ||   491
       Headbutt          |     3 |    12 |    41 |    36 ||    92
       Unarmed           |       |     4 |       |       ||     4
Throw: Boomerang         |       |       |    34 |    47 ||    81
Invok: Sacrifice Love    |       |       |     1 |       ||     1
  Use: Scroll            |     4 |     6 |     8 |     3 ||    21
       Potion            |       |     3 |     2 |     5 ||    10
 Stab: Confused          |       |     1 |       |       ||     1
Armor: Scale mail        |    10 |    20 |       |       ||    30
       Chain mail        |       |     5 |   113 |    78 ||   196
       Skin              |       |     1 |       |       ||     1
       Plate armour      |       |       |    15 |       ||    15
Dodge: Dodged            |    17 |    34 |    71 |    40 ||   162
Block: Buckler           |     4 |    12 |    44 |     7 ||    67
       Kite shield       |       |       |       |    80 ||    80

Table legend:
 A = Non-vault XP
 B = Vault XP
 C = Vault XP percentage of total XP
 D = Non-vault monster count
 E = Vault monster count
 F = Vault count percentage of total count
                 A         B        C        D         E       F
            +---------+---------+-------+---------+---------+-------
      Total |    9345 |    3034 |  24.5 |     153 |      46 |  23.1
            +---------+---------+-------+---------+---------+-------
        D:1 |      24 |       0 |   0.0 |      14 |       0 |   0.0
        D:2 |      34 |      38 |  52.8 |      11 |      13 |  54.2
        D:3 |      36 |     349 |  90.6 |       7 |       3 |  30.0
        D:4 |     198 |     323 |  62.0 |       9 |       3 |  25.0
        D:5 |    1251 |       0 |   0.0 |      25 |       0 |   0.0
        D:6 |    1602 |       0 |   0.0 |      29 |       0 |   0.0
        D:7 |     713 |     215 |  23.2 |      11 |       2 |  15.4
        D:8 |    1006 |     240 |  19.3 |       8 |      13 |  61.9
        D:9 |    2944 |       0 |   0.0 |      27 |       0 |   0.0
       D:10 |    1537 |    1869 |  54.9 |      12 |      12 |  50.0
            +---------+---------+-------+---------+---------+-------
